Rangers vs Nordiques

Created - 9 octobre 2017 at 15:59

Goals
1 2 3 OT1 SO T
Rangers 0 1 2 0 0 3
Nordiques 0 0 3 0 1 4
Shots
1 2 3 OT1 SO T
Rangers 12 5 14 2 6 33
Nordiques 7 15 10 4 6 36

1st period

No Goal

Penalties :
No Penalty

2nd period

1. Rangers , Torrey Mitchell 1 (Alexandre Burrows 1) at 17:38

Penalties :
Jason Spezza (NYR) for Holding (Minor) at 7:29

3rd period

2. Nordiques , Jaromir Jagr 1 (Patrik Berglund 1, Morgan Rielly 1) at 1:42
3. Rangers , Artemi Panarin 1 (Jason Spezza 1) at 10:07
4. Nordiques , Kyle Turris 1 (Alexander Wennberg 1, Shayne Gostisbehere 1) at 12:35
5. Nordiques , Kyle Turris 2 (Alexander Wennberg 2, Tom Gilbert 1) at 16:04
6. Rangers , Justin Williams 1 (Mike Ribeiro 1, Matt Niskanen 1) at 19:03 (PP)

Penalties :
Alexandre Burrows (NYR) for Interference (Minor) at 13:45, Evander Kane (QUE) for Hooking (Minor) at 17:37

Overtime #1

No Goal

Penalties :
No Penalty

Shootout

Penalty Shot by Artemi Panarin for Rangers - Stopped by Roberto Luongo
Penalty Shot by Patrik Berglund for Nordiques - Stopped by Henrik Lundqvist
Penalty Shot by Brian Flynn for Rangers - Shot Misses the Net
Penalty Shot by Kyle Turris for Nordiques - Shot Hit the Post
Penalty Shot by Jason Spezza for Rangers - Shot Misses the Net
Penalty Shot by Sebastian Aho for Nordiques - Stopped by Henrik Lundqvist
Penalty Shot by Brayden Schenn for Rangers - Shot Misses the Net
Penalty Shot by Jamie Benn for Nordiques - Stopped by Henrik Lundqvist
Penalty Shot by Justin Williams for Rangers - Stopped by Roberto Luongo
Penalty Shot by Ryan O'Reilly for Nordiques - Shot Misses the Net
Penalty Shot by Alexandre Burrows for Rangers - Stopped by Roberto Luongo
Penalty Shot by John-Michael Liles for Nordiques - Goal!

Penalties :
No Penalty

Goalie Stats

Henrik Lundqvist (NYR), 33 saves from 36 shots - (0,917), OTL, 0-0-1, 64:58 minutes
Roberto Luongo (QUE), 30 saves from 33 shots - (0,909), W, 1-0-0, 65:00 minutes

Players Stats for Rangers

Player Name              G  A  P  +/- PIM S  H  SB GA TA FO     MP     PP MP  PK MP  
------------------------------------------------------------------------------------
Adam Cracknell           0  0  0   0  0   1  0  1  1  0  0/2     9:23   0:00   0:52 
Alexandre Burrows        0  1  1  -1  2   1  0  0  0  0  0/0    12:01   0:00   0:42 
Artemi Panarin           1  0  1   0  0   4  1  2  4  1  1/3    21:03   0:26   0:00 
Brayden Schenn           0  0  0   0  0   1  2  1  1  0  0/2    19:14   0:26   0:19 
Brian Flynn              0  0  0  -1  0   1  0  0  0  1  0/0    13:22   0:00   2:24 
Esa Lindell              0  0  0  -1  0   0  0  1  0  2  0/0    20:42   0:00   2:11 
Ian Cole                 0  0  0   0  0   0  4  1  1  0  0/0    20:40   1:26   0:00 
Jason Chimera            0  0  0   0  0   2  0  0  1  0  0/1    11:00   0:00   0:00 
Jason Spezza             0  1  1   0  2   5  0  0  1  0  21/40  21:33   0:26   0:00 
Justin Williams          1  0  1   0  0   6  0  1  2  0  0/4    18:49   1:00   0:00 
Marc Methot              0  0  0   0  0   1  2  1  1  1  0/0    19:17   0:00   1:47 
Matt Niskanen            0  1  1   0  0   1  1  0  0  0  0/0    21:49   1:26   0:00 
Mike Ribeiro             0  1  1   0  0   1  1  0  2  0  6/10   18:01   1:00   0:00 
Nick Ritchie             0  0  0   0  0   3  0  0  0  1  0/0    18:04   1:00   0:00 
Ron Hainsey              0  0  0   0  0   0  3  3  0  0  0/0    18:19   0:00   1:36 
Shawn Matthias           0  0  0   0  0   1  1  0  1  0  0/1     9:46   0:00   1:15 
Torrey Mitchell          1  0  1  -1  0   2  0  1  0  0  2/7    13:44   0:00   2:24 
Zdeno Chara              0  0  0  -1  0   3  1  2  0  0  0/0    24:13   0:00   2:22 

Players Stats for Nordiques

Player Name              G  A  P  +/- PIM S  H  SB GA TA FO     MP     PP MP  PK MP  
------------------------------------------------------------------------------------
Alexander Wennberg       0  2  2   1  0   2  1  0  1  0  2/2    18:37   1:37   0:00 
Connor Brown             0  0  0   0  0   2  2  2  0  1  0/0    16:14   0:00   0:47 
Derek MacKenzie          0  0  0   0  0   1  1  0  0  1  0/0     8:14   0:00   0:39 
Evander Kane             0  0  0   1  2   1  2  0  0  1  1/1    17:19   1:37   0:00 
Jakub Vrana              0  0  0   0  0   2  0  0  1  0  1/1     7:35   0:00   0:00 
Jamie Benn               0  0  0   0  0   2  6  0  1  0  0/0    20:15   2:17   0:00 
Jared Spurgeon           0  0  0   0  0   2  0  1  0  1  0/0    26:09   2:21   0:00 
Jaromir Jagr             1  0  1   0  0   2  0  1  0  0  0/0    15:38   0:07   0:00 
John-Michael Liles       0  0  0   0  0   0  1  0  0  1  0/0    13:49   0:00   0:23 
Kevin Klein              0  0  0   0  0   1  2  5  0  2  0/0    20:27   0:00   1:03 
Kyle Turris              2  0  2   1  0   9  5  1  2  2  12/22  19:25   1:37   0:00 
Luke Glendening          0  0  0   0  0   1  0  0  0  0  1/1     8:14   0:00   0:39 
Morgan Rielly            0  1  1   1  0   2  2  1  1  1  0/0    26:12   1:37   1:03 
Patrik Berglund          0  1  1   0  0   2  2  0  0  3  6/16   17:34   0:03   0:47 
Ryan O'Reilly            0  0  0   0  0   2  1  2  0  0  16/24  20:40   2:18   0:00 
Sebastian Aho            0  0  0   0  0   2  0  1  0  1  1/3    18:48   2:18   0:00 
Shayne Gostisbehere      0  1  1   0  0   2  0  1  0  0  0/0    22:37   2:21   0:00 
Tom Gilbert              0  1  1   1  0   1  0  0  0  1  0/0    15:46   1:37   0:23 

3 Stars

1 - Kyle Turris (QUE)
2 - Alexander Wennberg (QUE)
3 - Jaromir Jagr (QUE)

Power Play

Rangers - 1 on 1 Attempt(s) - 100,00%
Nordiques - 0 on 2 Attempt(s) - 0,00%

Penalty Kill

Rangers - 2 on 2 Attempt(s) - 100,00% - Score 0 goal in Penalty Kill
Nordiques - 0 on 1 Attempt(s) - 0,00% - Score 0 goal in Penalty Kill

Team Stat

Rangers - Hits : 16 - Faceoff Wins : 30 - Blocked Shots : 14 - Penalty Minutes : 4
Nordiques - Hits : 25 - Faceoff Wins : 40 - Blocked Shots : 15 - Penalty Minutes : 2

Official

Referees : Brad Watson and Rob Martell
Linesman : John Grandt and Bryan Pancich

Game Notes

No Game Note

Finance

Level 1 -- Attendance: 5419 (90,32%) -- Ticket Income 433 520 $
Level 2 -- Attendance: 5000 (100,00%) -- Ticket Income 250 000 $
Level 3 -- Attendance: 1981 (99,05%) -- Ticket Income 49 525 $
Level 4 -- Attendance: 4000 (100,00%) -- Ticket Income 40 000 $
Luxury Box -- Attendance: 1000 (100,00%) -- Ticket Income 160 000 $
Game was played at the Colisee.
Total Attendance: 17400 (96,67%)
Total Ticket Income: 933 045 $
Other Income: 457 192 $
Total Income: 1 390 237 $

Rangers

5 vs 5 Forward 
   Center                   Left Wing                Right Wing               Time % Phy DF OF 
 1 Jason Spezza             Artemi Panarin           Brayden Schenn           35     1   2  2  
 2 Mike Ribeiro             Nick Ritchie             Justin Williams          30     1   2  2  
 3 Torrey Mitchell          Jason Chimera            Alexandre Burrows        20     1   2  2  
 4 Adam Cracknell           Shawn Matthias           Brian Flynn              15     1   2  2  

5 vs 5 Defense 
   Defense                  Defense                                           Time % Phy DF OF 
 1 Zdeno Chara              Matt Niskanen                                     37     1   2  2  
 2 Ron Hainsey              Ian Cole                                          33     1   2  2  
 3 Marc Methot              Esa Lindell                                       30     1   2  2  
 4 Zdeno Chara              Matt Niskanen                                     0      1   2  2  

PowerPlay Forward 
   Center                   Left Wing                Right Wing               Time % Phy DF OF 
 1 Jason Spezza             Artemi Panarin           Brayden Schenn           60     1   2  2  
 2 Mike Ribeiro             Nick Ritchie             Justin Williams          40     1   2  2  

PowerPlay Defense
   Defense                  Defense                                           Time % Phy DF OF 
 1 Matt Niskanen            Ian Cole                                          60     1   2  2  
 2 Ron Hainsey              Esa Lindell                                       40     1   2  2  

Penalty Kill 4 Players Forward 
   Center                   Wing                     Time % Phy DF OF 
 1 Torrey Mitchell          Brian Flynn              60     1   2  2  
 2 Adam Cracknell           Shawn Matthias           40     1   2  2  

Penalty Kill 4 Players Defense
   Defense                  Defense                  Time % Phy DF OF 
 1 Zdeno Chara              Esa Lindell              60     1   2  2  
 2 Marc Methot              Ron Hainsey              40     1   2  2  

Penalty Kill - 3 Players Forward 
   Forward                                           Time % Phy DF OF 
 1 Torrey Mitchell                                   60     1   2  2  
 2 Adam Cracknell                                    40     1   2  2  

Penalty Kill - 3 Players Defense
   Defense                  Defense                  Time % Phy DF OF 
 1 Zdeno Chara              Esa Lindell              60     1   2  2  
 2 Marc Methot              Ron Hainsey              40     1   2  2  

4 vs 4 Forward 
   Center                   Wing                     Time % Phy DF OF 
 1 Torrey Mitchell          Jason Chimera            60     1   2  2  
 2 Jason Spezza             Alexandre Burrows        40     1   2  2  

4 vs 4 Defense
   Defense                  Defense                  Time % Phy DF OF 
 1 Matt Niskanen            Ian Cole                 60     1   2  2  
 2 Zdeno Chara              Ron Hainsey              40     1   2  2  

Last Minutes Offensive
   Center                   Left Wing                Right Wing               Defense                  Defense                  
   Jason Spezza             Artemi Panarin           Brayden Schenn           Matt Niskanen            Ian Cole                 

Last Minutes Defensive
   Center                   Left Wing                Right Wing               Defense                  Defense                  
   Adam Cracknell           Torrey Mitchell          Brian Flynn              Zdeno Chara              Esa Lindell              

Goaltenders
Starting : Henrik Lundqvist         
Backup : Philipp Grubauer         

Extra Forwards
Normal : Torrey Mitchell, Adam Cracknell, Nick Ritchie - PP : Jason Chimera, Alexandre Burrows - PK : Shawn Matthias
Extra Defensemen
Normal : Ian Cole, Esa Lindell, Marc Methot - PP : Esa Lindell - PK : Esa Lindell, Ron Hainsey
Penalty Shots
Artemi Panarin, Brian Flynn, Jason Spezza, Brayden Schenn, Justin Williams
Custom OT Lines Forwards
Jason Spezza, Artemi Panarin, Brian Flynn, Justin Williams, Nick Ritchie, Mike Ribeiro, Jason Chimera, Alexandre Burrows, Adam Cracknell, Torrey Mitchell
Custom OT Lines Defensemen
Zdeno Chara, Ian Cole, Esa Lindell, Ron Hainsey, Matt Niskanen

Scratches
Matt Stajan (Healthy), Ben Thomson (Healthy), Darren Kramer (Healthy), Antoine Laganiere (Healthy), Darren Archibald (Healthy)
Paul Thompson (Healthy), Mike Halmo (Healthy)

Nordiques

5 vs 5 Forward 
   Center                   Left Wing                Right Wing               Time % Phy DF OF 
 1 Ryan O'Reilly            Jamie Benn               Sebastian Aho            30     0   2  3  
 2 Kyle Turris              Evander Kane             Alexander Wennberg       30     0   3  2  
 3 Patrik Berglund          Jaromir Jagr             Connor Brown             30     0   2  3  
 4 Luke Glendening          Derek MacKenzie          Jakub Vrana              10     1   2  2  

5 vs 5 Defense 
   Defense                  Defense                                           Time % Phy DF OF 
 1 Jared Spurgeon           Morgan Rielly                                     40     1   2  2  
 2 Shayne Gostisbehere      Kevin Klein                                       35     1   3  1  
 3 John-Michael Liles       Tom Gilbert                                       25     1   3  1  
 4 Jared Spurgeon           Morgan Rielly                                     0      1   2  2  

PowerPlay Forward 
   Center                   Left Wing                Right Wing               Time % Phy DF OF 
 1 Ryan O'Reilly            Jamie Benn               Sebastian Aho            60     1   1  3  
 2 Kyle Turris              Evander Kane             Alexander Wennberg       40     1   1  3  

PowerPlay Defense
   Defense                  Defense                                           Time % Phy DF OF 
 1 Jared Spurgeon           Shayne Gostisbehere                               60     1   1  3  
 2 Morgan Rielly            Tom Gilbert                                       40     1   1  3  

Penalty Kill 4 Players Forward 
   Center                   Wing                     Time % Phy DF OF 
 1 Patrik Berglund          Connor Brown             50     1   2  2  
 2 Luke Glendening          Derek MacKenzie          50     1   3  1  

Penalty Kill 4 Players Defense
   Defense                  Defense                  Time % Phy DF OF 
 1 Kevin Klein              Morgan Rielly            60     1   2  2  
 2 John-Michael Liles       Tom Gilbert              40     1   2  2  

Penalty Kill - 3 Players Forward 
   Forward                                           Time % Phy DF OF 
 1 Ryan O'Reilly                                     50     1   2  2  
 2 Luke Glendening                                   50     1   3  1  

Penalty Kill - 3 Players Defense
   Defense                  Defense                  Time % Phy DF OF 
 1 Jared Spurgeon           Morgan Rielly            60     1   2  2  
 2 Kevin Klein              Tom Gilbert              40     1   3  1  

4 vs 4 Forward 
   Center                   Wing                     Time % Phy DF OF 
 1 Ryan O'Reilly            Jamie Benn               60     0   2  3  
 2 Kyle Turris              Alexander Wennberg       40     0   3  2  

4 vs 4 Defense
   Defense                  Defense                  Time % Phy DF OF 
 1 Jared Spurgeon           Morgan Rielly            60     1   2  2  
 2 Shayne Gostisbehere      Kevin Klein              40     1   3  1  

Last Minutes Offensive
   Center                   Left Wing                Right Wing               Defense                  Defense                  
   Ryan O'Reilly            Jamie Benn               Sebastian Aho            Jared Spurgeon           Shayne Gostisbehere      

Last Minutes Defensive
   Center                   Left Wing                Right Wing               Defense                  Defense                  
   Ryan O'Reilly            Jamie Benn               Connor Brown             Jared Spurgeon           Morgan Rielly            

Goaltenders
Starting : Roberto Luongo           
Backup : Jonathan Bernier         

Extra Forwards
Normal : Patrik Berglund, Jaromir Jagr, Connor Brown - PP : Jaromir Jagr, Patrik Berglund - PK : Ryan O'Reilly
Extra Defensemen
Normal : John-Michael Liles, Tom Gilbert, Kevin Klein - PP : Morgan Rielly - PK : Jared Spurgeon, Shayne Gostisbehere
Penalty Shots
Patrik Berglund, Kyle Turris, Sebastian Aho, Jamie Benn, Ryan O'Reilly
Custom OT Lines Forwards
Jamie Benn, Ryan O'Reilly, Kyle Turris, Alexander Wennberg, Patrik Berglund, Sebastian Aho, Evander Kane, Jaromir Jagr, Connor Brown, Luke Glendening
Custom OT Lines Defensemen
Jared Spurgeon, Morgan Rielly, Shayne Gostisbehere, Kevin Klein, John-Michael Liles

Scratches
Paul Carey (Healthy), Chris VandeVelde (Healthy)

% Time on Ice - Rangers

Lines # - Real PCT - Wanted PCT - Time Play
Normal Forward
1 - 34% - 35% - 18:49
2 - 30% - 30% - 16:16
3 - 20% - 20% - 11:00
4 - 16% - 15% - 8:31
Normal Defense
1 - 36% - 37% - 19:47
2 - 32% - 33% - 17:28
3 - 31% - 30% - 17:10
4 - 0% - 0% - 0:11
PP Forward
1 - 30% - 60% - 0:26
2 - 70% - 40% - 1:00
PP Defense
1 - 100% - 60% - 1:26
2 - 0% - 40% - 0:00
PK Forward
1 - 78% - 60% - 3:06
2 - 22% - 40% - 0:52
PK Defense
1 - 60% - 60% - 2:22
2 - 40% - 40% - 1:36
PK3 Forward
1 - 0% - 60%
2 - 0% - 40%
PK3 Defense
1 - 0% - 60%
2 - 0% - 40%
44 Forward
1 - 0% - 60%
2 - 0% - 40%
44 Defense
1 - 0% - 60%
2 - 0% - 40%
Last Minute Offensive  - 0:00
Last Minute Defensive  - 0:00
Total
Forward - 60:00
Defense - 60:00

% Time on Ice - Nordiques

Lines # - Real PCT - Wanted PCT - Time Play
Normal Forward
1 - 29% - 30% - 15:51
2 - 29% - 30% - 15:43
3 - 28% - 30% - 15:27
4 - 14% - 10% - 7:35
Normal Defense
1 - 39% - 40% - 21:33
2 - 36% - 35% - 19:37
3 - 25% - 25% - 13:26
4 - 0% - 0% - 0:00
PP Forward
1 - 59% - 60% - 2:21
2 - 41% - 40% - 1:37
PP Defense
1 - 59% - 60% - 2:21
2 - 41% - 40% - 1:37
PK Forward
1 - 55% - 50% - 0:47
2 - 45% - 50% - 0:39
PK Defense
1 - 73% - 60% - 1:03
2 - 27% - 40% - 0:23
PK3 Forward
1 - 0% - 50%
2 - 0% - 50%
PK3 Defense
1 - 0% - 60%
2 - 0% - 40%
44 Forward
1 - 0% - 60%
2 - 0% - 40%
44 Defense
1 - 0% - 60%
2 - 0% - 40%
Last Minute Offensive  - 0:00
Last Minute Defensive  - 0:00
Total
Forward - 60:00
Defense - 60:00

Play by Play

1st period


0:01 of 1st period - Ryan O'Reilly wins face-off versus Brayden Schenn in neutral zone.
0:10 of 1st period - Snap shot by Sebastian Aho.
0:10 of 1st period - Shot Blocked by Zdeno Chara.
1:45 of 1st period - Luke Glendening is hit by Ian Cole and loses puck.
3:06 of 1st period - Connor Brown is hit by Zdeno Chara and loses puck.
3:37 of 1st period - Ryan O'Reilly is hit by Ian Cole and loses puck.
3:58 of 1st period - Ryan O'Reilly is hit by Brayden Schenn and loses puck.
4:09 of 1st period - Snap shot by Mike Ribeiro.
4:09 of 1st period - Shot Misses the Net.
4:11 of 1st period - Slapshot by Ron Hainsey.
4:11 of 1st period - Shot Blocked by Morgan Rielly.
4:13 of 1st period - Wrist shot by Justin Williams.
4:13 of 1st period - Stopped by Roberto Luongo with a rebound.
4:27 of 1st period - Alexandre Burrows is hit by Alexander Wennberg and loses puck.
4:59 of 1st period - Luke Glendening is hit by Marc Methot and loses puck.
5:33 of 1st period - Evander Kane is hit by Ron Hainsey and loses puck.
6:22 of 1st period - Icing by Adam Cracknell.
6:23 of 1st period - Ryan O'Reilly wins face-off versus Jason Spezza in Rangers zone.
6:28 of 1st period - Snap shot by Ryan O'Reilly.
6:28 of 1st period - Stopped by Henrik Lundqvist with a rebound.
6:48 of 1st period - Justin Williams is hit by Kyle Turris and loses puck.
7:53 of 1st period - Marc Methot is hit by Derek MacKenzie and loses puck.
8:11 of 1st period - Wrist shot by Mike Ribeiro.
8:11 of 1st period - Shot Misses the Net.
8:13 of 1st period - Slapshot by Zdeno Chara.
8:13 of 1st period - Shot Misses the Net.
8:15 of 1st period - Wrist shot by Zdeno Chara.
8:15 of 1st period - Stopped by Roberto Luongo with a rebound.
8:17 of 1st period - Snap shot by Justin Williams.
8:17 of 1st period - Stopped by Roberto Luongo with a rebound.
8:19 of 1st period - Slapshot by Zdeno Chara.
8:19 of 1st period - Shot Misses the Net.
8:21 of 1st period - Slapshot by Zdeno Chara.
8:21 of 1st period - Shot Misses the Net.
8:23 of 1st period - Wrist shot by Justin Williams.
8:23 of 1st period - Stopped by Roberto Luongo with a rebound.
8:58 of 1st period - Shawn Matthias is hit by Kyle Turris and loses puck.
9:17 of 1st period - Sebastian Aho is hit by Ron Hainsey and loses puck.
9:24 of 1st period - Snap shot by Jamie Benn.
9:24 of 1st period - Shot Blocked by Ron Hainsey.
9:44 of 1st period - Snap shot by Justin Williams.
9:44 of 1st period - Shot Misses the Net.
9:46 of 1st period - Snap shot by Justin Williams.
9:46 of 1st period - Shot Blocked by Kevin Klein.
9:48 of 1st period - Slapshot by Marc Methot.
9:48 of 1st period - Shot Blocked by Shayne Gostisbehere.
9:50 of 1st period - Snap shot by Nick Ritchie.
9:50 of 1st period - Stopped by Roberto Luongo without a rebound.
9:51 of 1st period - Torrey Mitchell wins face-off versus Kyle Turris in Nordiques zone.
10:24 of 1st period - Luke Glendening is hit by Brayden Schenn and loses puck.
10:41 of 1st period - Snap shot by Justin Williams.
10:41 of 1st period - Shot Blocked by Kevin Klein.
10:43 of 1st period - Slapshot by Zdeno Chara.
10:43 of 1st period - Shot Misses the Net.
10:45 of 1st period - Snap shot by Nick Ritchie.
10:45 of 1st period - Stopped by Roberto Luongo without a rebound.
10:46 of 1st period - Kyle Turris wins face-off versus Jason Spezza in Nordiques zone.
10:57 of 1st period - Wrist shot by Jason Spezza.
10:57 of 1st period - Stopped by Roberto Luongo with a rebound.
11:35 of 1st period - Marc Methot is hit by Patrik Berglund.
11:40 of 1st period - Icing by Connor Brown.
11:41 of 1st period - Jason Spezza wins face-off versus Patrik Berglund in Nordiques zone.
12:26 of 1st period - Snap shot by Jaromir Jagr.
12:26 of 1st period - Shot Misses the Net.
12:28 of 1st period - Snap shot by Patrik Berglund.
12:28 of 1st period - Stopped by Henrik Lundqvist with a rebound.
12:30 of 1st period - Snap shot by Connor Brown.
12:30 of 1st period - Shot Misses the Net.
12:32 of 1st period - Wrist shot by Patrik Berglund.
12:32 of 1st period - Shot Blocked by Ian Cole.
12:34 of 1st period - Wrist shot by Connor Brown.
12:34 of 1st period - Shot Blocked by Justin Williams.
12:36 of 1st period - Snap shot by Connor Brown.
12:36 of 1st period - Stopped by Henrik Lundqvist without a rebound.
12:37 of 1st period - Jason Spezza wins face-off versus Kyle Turris in Rangers zone.
12:45 of 1st period - Backhand shot by Jason Spezza.
12:45 of 1st period - Stopped by Roberto Luongo without a rebound.
12:46 of 1st period - Jason Spezza wins face-off versus Kyle Turris in Nordiques zone.
13:06 of 1st period - Snap shot by Artemi Panarin.
13:06 of 1st period - Stopped by Roberto Luongo without a rebound.
13:07 of 1st period - Mike Ribeiro wins face-off versus Sebastian Aho in Nordiques zone.
13:40 of 1st period - Wrist shot by Jaromir Jagr.
13:40 of 1st period - Shot Misses the Net.
13:42 of 1st period - Slapshot by Jared Spurgeon.
13:42 of 1st period - Shot Misses the Net.
13:44 of 1st period - Slapshot by Morgan Rielly.
13:44 of 1st period - Stopped by Henrik Lundqvist without a rebound.
13:45 of 1st period - Jason Spezza wins face-off versus Kyle Turris in Rangers zone.
13:56 of 1st period - Snap shot by Brayden Schenn.
13:56 of 1st period - Shot Hit the Post.
14:41 of 1st period - Snap shot by Jason Chimera.
14:41 of 1st period - Stopped by Roberto Luongo with a rebound.
14:43 of 1st period - Slapshot by Ron Hainsey.
14:43 of 1st period - Shot Blocked by Kevin Klein.
14:53 of 1st period - Wrist shot by Ryan O'Reilly.
14:53 of 1st period - Shot Misses the Net.
14:55 of 1st period - Snap shot by Connor Brown.
14:55 of 1st period - Deflect By Jaromir Jagr.
14:55 of 1st period - Shot Hit the Post.
14:55 of 1st period - Puck is out of play.
14:56 of 1st period - Patrik Berglund wins face-off versus Mike Ribeiro in Rangers zone.
14:59 of 1st period - Snap shot by Connor Brown.
14:59 of 1st period - Stopped by Henrik Lundqvist with a rebound.
15:19 of 1st period - Wrist shot by Mike Ribeiro.
15:19 of 1st period - Shot Misses the Net.
15:49 of 1st period - Snap shot by Jaromir Jagr.
15:49 of 1st period - Shot Misses the Net.
16:01 of 1st period - Snap shot by Jaromir Jagr.
16:01 of 1st period - Shot Misses the Net.
16:32 of 1st period - Wrist shot by Patrik Berglund.
16:32 of 1st period - Stopped by Henrik Lundqvist with a rebound.
16:34 of 1st period - Wrist shot by Jaromir Jagr.
16:34 of 1st period - Stopped by Henrik Lundqvist without a rebound.
16:35 of 1st period - Sebastian Aho wins face-off versus Jason Spezza in Rangers zone.
16:56 of 1st period - Jason Spezza is hit by Kevin Klein and loses puck.
18:08 of 1st period - Snap shot by Jason Chimera.
18:08 of 1st period - Stopped by Roberto Luongo without a rebound.
18:09 of 1st period - Ryan O'Reilly wins face-off versus Shawn Matthias in Nordiques zone.
18:14 of 1st period - Ron Hainsey is hit by Jamie Benn and loses puck.
18:23 of 1st period - Icing by John-Michael Liles.
18:24 of 1st period - Jason Spezza wins face-off versus Ryan O'Reilly in Nordiques zone.
18:27 of 1st period - Wrist shot by Jason Spezza.
18:27 of 1st period - Stopped by Roberto Luongo without a rebound.
18:28 of 1st period - Jason Spezza wins face-off versus Ryan O'Reilly in Nordiques zone.
19:01 of 1st period - Wrist shot by Shawn Matthias.
19:01 of 1st period - Shot Hit the Post.
19:03 of 1st period - Slapshot by Esa Lindell.
19:03 of 1st period - Shot Blocked by Jared Spurgeon.
19:05 of 1st period - Slapshot by Esa Lindell.
19:05 of 1st period - Shot Blocked by Kyle Turris.
Goals for this period are 0 for Rangers vs 0 for Nordiques.
Shots for this period are 12 for Rangers vs 7 for Nordiques.

2nd period


0:01 of 2nd period - Alexander Wennberg wins face-off versus Jason Spezza in neutral zone.
0:04 of 2nd period - Snap shot by Evander Kane.
0:04 of 2nd period - Shot Misses the Net.
0:06 of 2nd period - Snap shot by Alexander Wennberg.
0:06 of 2nd period - Shot Blocked by Esa Lindell.
0:08 of 2nd period - Slapshot by Kyle Turris.
0:08 of 2nd period - Stopped by Henrik Lundqvist with a rebound.
0:10 of 2nd period - Slapshot by Kevin Klein.
0:10 of 2nd period - Stopped by Henrik Lundqvist with a rebound.
0:50 of 2nd period - Nick Ritchie is hit by Connor Brown and loses puck.
2:38 of 2nd period - Snap shot by Artemi Panarin.
2:38 of 2nd period - Stopped by Roberto Luongo without a rebound.
2:39 of 2nd period - Ryan O'Reilly wins face-off versus Jason Chimera in Nordiques zone.
3:06 of 2nd period - Snap shot by Jakub Vrana.
3:06 of 2nd period - Stopped by Henrik Lundqvist without a rebound.
3:07 of 2nd period - Jakub Vrana wins face-off versus Jason Spezza in Rangers zone.
3:08 of 2nd period - Wrist shot by Luke Glendening.
3:08 of 2nd period - Stopped by Henrik Lundqvist with a rebound.
3:33 of 2nd period - Evander Kane is hit by Ian Cole and loses puck.
4:20 of 2nd period - Snap shot by Shawn Matthias.
4:20 of 2nd period - Stopped by Roberto Luongo without a rebound.
4:21 of 2nd period - Patrik Berglund wins face-off versus Adam Cracknell in Nordiques zone.
4:57 of 2nd period - Wrist shot by Kyle Turris.
4:57 of 2nd period - Stopped by Henrik Lundqvist with a rebound.
5:15 of 2nd period - Snap shot by Brayden Schenn.
5:15 of 2nd period - Shot Misses the Net.
5:17 of 2nd period - Wrist shot by Marc Methot.
5:17 of 2nd period - Stopped by Roberto Luongo without a rebound.
5:18 of 2nd period - Jason Spezza wins face-off versus Patrik Berglund in Nordiques zone.
5:27 of 2nd period - Snap shot by Artemi Panarin.
5:27 of 2nd period - Shot Blocked by Connor Brown.
5:33 of 2nd period - Kevin Klein is hit by Matt Niskanen and loses puck.
6:36 of 2nd period - Snap shot by Jamie Benn.
6:36 of 2nd period - Deflect By Ryan O'Reilly.
6:36 of 2nd period - Shot Blocked by Adam Cracknell.
6:36 of 2nd period - Puck is out of play.
6:37 of 2nd period - Ryan O'Reilly wins face-off versus Jason Spezza in Rangers zone.
6:54 of 2nd period - Wrist shot by Jamie Benn.
6:54 of 2nd period - Shot Blocked by Artemi Panarin.
6:56 of 2nd period - Wrist shot by Sebastian Aho.
6:56 of 2nd period - Shot Blocked by Brayden Schenn.
6:58 of 2nd period - Backhand shot by Tom Gilbert.
6:58 of 2nd period - Deflect By Brayden Schenn.
6:58 of 2nd period - Stopped by Henrik Lundqvist with a rebound.
7:04 of 2nd period - Snap shot by Jamie Benn.
7:04 of 2nd period - Shot Blocked by Artemi Panarin.
7:06 of 2nd period - Snap shot by Jamie Benn.
7:06 of 2nd period - Shot Misses the Net.
7:10 of 2nd period - Snap shot by Sebastian Aho.
7:10 of 2nd period - Stopped by Henrik Lundqvist without a rebound.
7:11 of 2nd period - Kyle Turris wins face-off versus Mike Ribeiro in Rangers zone.
7:18 of 2nd period - Snap shot by Kyle Turris.
7:18 of 2nd period - Shot Misses the Net.
7:20 of 2nd period - Slapshot by Evander Kane.
7:20 of 2nd period - Stopped by Henrik Lundqvist with a rebound.
7:22 of 2nd period - Backhand shot by Jared Spurgeon.
7:22 of 2nd period - Deflect By Justin Williams.
7:22 of 2nd period - Stopped by Henrik Lundqvist with a rebound.
7:24 of 2nd period - Wrist shot by Kyle Turris.
7:24 of 2nd period - Stopped by Henrik Lundqvist with a rebound.
7:26 of 2nd period - Wrist shot by Kyle Turris.
7:26 of 2nd period - Stopped by Henrik Lundqvist without a rebound.
7:27 of 2nd period - Jason Spezza wins face-off versus Sebastian Aho in Rangers zone.
7:29 of 2nd period - Minor Penalty to Jason Spezza for Holding.
7:30 of 2nd period - Torrey Mitchell wins face-off versus Ryan O'Reilly in Rangers zone.
7:44 of 2nd period - Zdeno Chara is hit by Jamie Benn and loses puck.
8:44 of 2nd period - Zdeno Chara is hit by Evander Kane.
9:29 of 2nd period - Penalty to Jason Spezza is over, Jason Spezza is back on ice.
11:23 of 2nd period - Evander Kane is hit by Marc Methot and loses puck.
11:30 of 2nd period - Nick Ritchie is hit by Kevin Klein and loses puck.
12:23 of 2nd period - Wrist shot by Jakub Vrana.
12:23 of 2nd period - Shot Misses the Net.
12:37 of 2nd period - Icing by Brayden Schenn.
12:38 of 2nd period - Kyle Turris wins face-off versus Jason Spezza in Rangers zone.
13:13 of 2nd period - John-Michael Liles is hit by Artemi Panarin and loses puck.
13:26 of 2nd period - Slapshot by Alexander Wennberg.
13:26 of 2nd period - Stopped by Henrik Lundqvist without a rebound.
13:27 of 2nd period - Mike Ribeiro wins face-off versus Ryan O'Reilly in Rangers zone.
13:52 of 2nd period - Jamie Benn is hit by Shawn Matthias.
13:56 of 2nd period - Adam Cracknell is hit by Jamie Benn and loses puck.
14:45 of 2nd period - Snap shot by Derek MacKenzie.
14:45 of 2nd period - Stopped by Henrik Lundqvist without a rebound.
14:46 of 2nd period - Jason Spezza wins face-off versus Kyle Turris in Rangers zone.
15:11 of 2nd period - Matt Niskanen is hit by Connor Brown and loses puck.
15:19 of 2nd period - Off-side.
15:20 of 2nd period - Ryan O'Reilly wins face-off versus Jason Spezza in neutral zone.
17:24 of 2nd period - Wrist shot by Connor Brown.
17:24 of 2nd period - Shot Blocked by Ron Hainsey.
17:26 of 2nd period - Snap shot by Kevin Klein.
17:26 of 2nd period - Deflect By Connor Brown.
17:26 of 2nd period - Shot Misses the Net.
17:26 of 2nd period - Puck is out of play.
17:27 of 2nd period - Kyle Turris wins face-off versus Torrey Mitchell in Rangers zone.
17:34 of 2nd period - Snap shot by Alexandre Burrows.
17:34 of 2nd period - Shot Misses the Net.
17:36 of 2nd period - Snap shot by Torrey Mitchell.
17:36 of 2nd period - Shot Misses the Net.
17:38 of 2nd period - Snap shot by Torrey Mitchell.
17:38 of 2nd period - Goal by Torrey Mitchell - Rangers : 1 - Nordiques : 0.
17:39 of 2nd period - Ryan O'Reilly wins face-off versus Jason Spezza in neutral zone.
17:43 of 2nd period - Off-side.
17:44 of 2nd period - Ryan O'Reilly wins face-off versus Artemi Panarin in neutral zone.
17:52 of 2nd period - Slapshot by Sebastian Aho.
17:52 of 2nd period - Shot Misses the Net.
17:54 of 2nd period - Slapshot by Kevin Klein.
17:54 of 2nd period - Shot Misses the Net.
17:56 of 2nd period - Wrist shot by Jamie Benn.
17:56 of 2nd period - Deflect By Sebastian Aho.
17:56 of 2nd period - Stopped by Henrik Lundqvist without a rebound.
17:57 of 2nd period - Kyle Turris wins face-off versus Jason Spezza in Rangers zone.
18:47 of 2nd period - Snap shot by Torrey Mitchell.
18:47 of 2nd period - Shot Misses the Net.
18:49 of 2nd period - Slapshot by Torrey Mitchell.
18:49 of 2nd period - Stopped by Roberto Luongo without a rebound.
18:50 of 2nd period - Jason Spezza wins face-off versus Kyle Turris in Nordiques zone.
19:17 of 2nd period - Shayne Gostisbehere is hit by Mike Ribeiro and loses puck.
19:22 of 2nd period - Snap shot by Mike Ribeiro.
19:22 of 2nd period - Shot Misses the Net.
19:50 of 2nd period - Backhand shot by Jakub Vrana.
19:50 of 2nd period - Stopped by Henrik Lundqvist without a rebound.
19:51 of 2nd period - Kyle Turris wins face-off versus Jason Spezza in Rangers zone.
Goals for this period are 1 for Rangers vs 0 for Nordiques.
Shots for this period are 5 for Rangers vs 15 for Nordiques.

3rd period


0:01 of 3rd period - Jason Spezza wins face-off versus Patrik Berglund in neutral zone.
0:06 of 3rd period - Matt Niskanen is hit by Patrik Berglund and loses puck.
0:10 of 3rd period - Icing by Jason Spezza.
0:11 of 3rd period - Evander Kane wins face-off versus Jason Spezza in Rangers zone.
0:14 of 3rd period - Wrist shot by Kyle Turris.
0:14 of 3rd period - Stopped by Henrik Lundqvist without a rebound.
0:15 of 3rd period - Jason Spezza wins face-off versus Kyle Turris in Rangers zone.
0:28 of 3rd period - Snap shot by Artemi Panarin.
0:28 of 3rd period - Shot Misses the Net.
0:30 of 3rd period - Slapshot by Artemi Panarin.
0:30 of 3rd period - Shot Blocked by Kevin Klein.
0:40 of 3rd period - Zdeno Chara is hit by Jamie Benn and loses puck.
1:40 of 3rd period - Wrist shot by Patrik Berglund.
1:40 of 3rd period - Shot Blocked by Torrey Mitchell.
1:42 of 3rd period - Wrist shot by Jaromir Jagr.
1:42 of 3rd period - Goal by Jaromir Jagr - Rangers : 1 - Nordiques : 1.
1:43 of 3rd period - Kyle Turris wins face-off versus Jason Spezza in neutral zone.
2:09 of 3rd period - Esa Lindell is hit by John-Michael Liles and loses puck.
2:20 of 3rd period - Justin Williams is hit by Jamie Benn and loses puck.
2:34 of 3rd period - Off-side.
2:35 of 3rd period - Patrik Berglund wins face-off versus Torrey Mitchell in neutral zone.
2:50 of 3rd period - Backhand shot by Patrik Berglund.
2:50 of 3rd period - Shot Misses the Net.
2:52 of 3rd period - Wrist shot by Morgan Rielly.
2:52 of 3rd period - Stopped by Henrik Lundqvist without a rebound.
2:53 of 3rd period - Alexander Wennberg wins face-off versus Brayden Schenn in Rangers zone.
2:54 of 3rd period - Slapshot by Evander Kane.
2:54 of 3rd period - Shot Misses the Net.
4:05 of 3rd period - Slapshot by Alexandre Burrows.
4:05 of 3rd period - Stopped by Roberto Luongo without a rebound.
4:06 of 3rd period - Ryan O'Reilly wins face-off versus Jason Spezza in Nordiques zone.
4:17 of 3rd period - Snap shot by Sebastian Aho.
4:17 of 3rd period - Shot Misses the Net.
4:38 of 3rd period - Off-side.
4:39 of 3rd period - Kyle Turris wins face-off versus Artemi Panarin in neutral zone.
5:11 of 3rd period - Off-side.
5:12 of 3rd period - Mike Ribeiro wins face-off versus Ryan O'Reilly in neutral zone.
5:15 of 3rd period - Snap shot by Justin Williams.
5:15 of 3rd period - Stopped by Roberto Luongo without a rebound.
5:16 of 3rd period - Ryan O'Reilly wins face-off versus Mike Ribeiro in Nordiques zone.
5:41 of 3rd period - Esa Lindell is hit by Kyle Turris and loses puck.
6:00 of 3rd period - Slapshot by Shayne Gostisbehere.
6:00 of 3rd period - Stopped by Henrik Lundqvist with a rebound.
7:07 of 3rd period - Matt Niskanen is hit by Kyle Turris and loses puck.
7:22 of 3rd period - Slapshot by Matt Niskanen.
7:22 of 3rd period - Stopped by Roberto Luongo with a rebound.
7:24 of 3rd period - Slapshot by Zdeno Chara.
7:24 of 3rd period - Deflect By Shayne Gostisbehere.
7:24 of 3rd period - Stopped by Roberto Luongo with a rebound.
7:26 of 3rd period - Snap shot by Alexandre Burrows.
7:26 of 3rd period - Shot Misses the Net.
7:28 of 3rd period - Slapshot by Zdeno Chara.
7:28 of 3rd period - Stopped by Roberto Luongo with a rebound.
7:30 of 3rd period - Wrist shot by Matt Niskanen.
7:30 of 3rd period - Shot Misses the Net.
7:32 of 3rd period - Slapshot by Zdeno Chara.
7:32 of 3rd period - Shot Blocked by Jaromir Jagr.
8:08 of 3rd period - Snap shot by Justin Williams.
8:08 of 3rd period - Shot Misses the Net.
8:10 of 3rd period - Snap shot by Justin Williams.
8:10 of 3rd period - Shot Blocked by Sebastian Aho.
8:12 of 3rd period - Snap shot by Justin Williams.
8:12 of 3rd period - Stopped by Roberto Luongo with a rebound.
8:14 of 3rd period - Slapshot by Nick Ritchie.
8:14 of 3rd period - Stopped by Roberto Luongo with a rebound.
8:16 of 3rd period - Snap shot by Justin Williams.
8:16 of 3rd period - Deflect By Mike Ribeiro.
8:16 of 3rd period - Stopped by Roberto Luongo without a rebound.
8:17 of 3rd period - Artemi Panarin wins face-off versus Kyle Turris in Nordiques zone.
8:28 of 3rd period - Wrist shot by Brayden Schenn.
8:28 of 3rd period - Shot Misses the Net.
9:51 of 3rd period - Wrist shot by Adam Cracknell.
9:51 of 3rd period - Stopped by Roberto Luongo without a rebound.
9:52 of 3rd period - Kyle Turris wins face-off versus Jason Spezza in Nordiques zone.
10:03 of 3rd period - Wrist shot by Artemi Panarin.
10:03 of 3rd period - Shot Blocked by Kevin Klein.
10:05 of 3rd period - Slapshot by Ian Cole.
10:05 of 3rd period - Deflect By Artemi Panarin.
10:05 of 3rd period - Shot Misses the Net.
10:05 of 3rd period - Puck is out of play.
10:06 of 3rd period - Jason Spezza wins face-off versus Patrik Berglund in Nordiques zone.
10:07 of 3rd period - Snap shot by Artemi Panarin.
10:07 of 3rd period - Goal by Artemi Panarin - Rangers : 2 - Nordiques : 1.
10:08 of 3rd period - Jason Spezza wins face-off versus Patrik Berglund in neutral zone.
10:15 of 3rd period - Slapshot by Artemi Panarin.
10:15 of 3rd period - Shot Blocked by Connor Brown.
10:17 of 3rd period - Slapshot by Jason Spezza.
10:17 of 3rd period - Shot Misses the Net.
10:21 of 3rd period - Slapshot by Brayden Schenn.
10:21 of 3rd period - Stopped by Roberto Luongo without a rebound.
10:22 of 3rd period - Mike Ribeiro wins face-off versus Kyle Turris in Nordiques zone.
10:31 of 3rd period - Kyle Turris is hit by Ron Hainsey and loses puck.
10:52 of 3rd period - Off-side.
10:53 of 3rd period - Ryan O'Reilly wins face-off versus Jason Spezza in neutral zone.
11:08 of 3rd period - Wrist shot by Jason Spezza.
11:08 of 3rd period - Stopped by Roberto Luongo without a rebound.
11:09 of 3rd period - Patrik Berglund wins face-off versus Justin Williams in Nordiques zone.
11:45 of 3rd period - Slapshot by Shayne Gostisbehere.
11:45 of 3rd period - Stopped by Henrik Lundqvist without a rebound.
11:46 of 3rd period - Mike Ribeiro wins face-off versus Ryan O'Reilly in Rangers zone.
12:02 of 3rd period - Wrist shot by Jamie Benn.
12:02 of 3rd period - Stopped by Henrik Lundqvist without a rebound.
12:03 of 3rd period - Jason Spezza wins face-off versus Patrik Berglund in Rangers zone.
12:11 of 3rd period - Off-side.
12:12 of 3rd period - Jason Spezza wins face-off versus Patrik Berglund in neutral zone.
12:17 of 3rd period - Wrist shot by Artemi Panarin.
12:17 of 3rd period - Stopped by Roberto Luongo without a rebound.
12:18 of 3rd period - Kyle Turris wins face-off versus Jason Spezza in Nordiques zone.
12:35 of 3rd period - Slapshot by Kyle Turris.
12:35 of 3rd period - Goal by Kyle Turris - Rangers : 2 - Nordiques : 2.
12:36 of 3rd period - Jason Spezza wins face-off versus Patrik Berglund in neutral zone.
13:24 of 3rd period - Alexandre Burrows is hit by Evander Kane and loses puck.
13:39 of 3rd period - Alexandre Burrows is hit by Kyle Turris.
13:45 of 3rd period - Minor Penalty to Alexandre Burrows for Interference.
13:46 of 3rd period - Ryan O'Reilly wins face-off versus Torrey Mitchell in Rangers zone.
14:47 of 3rd period - Icing by Jamie Benn.
14:48 of 3rd period - Ryan O'Reilly wins face-off versus Adam Cracknell in Nordiques zone.
15:28 of 3rd period - Snap shot by Alexander Wennberg.
15:28 of 3rd period - Shot Blocked by Marc Methot.
15:30 of 3rd period - Wrist shot by Alexander Wennberg.
15:30 of 3rd period - Stopped by Henrik Lundqvist without a rebound.
15:31 of 3rd period - Kyle Turris wins face-off versus Torrey Mitchell in Rangers zone.
15:45 of 3rd period - Penalty to Alexandre Burrows is over, Alexandre Burrows is back on ice.
16:04 of 3rd period - Slapshot by Alexander Wennberg.
16:04 of 3rd period - Deflect By Kyle Turris.
16:04 of 3rd period - Goal by Kyle Turris - Rangers : 2 - Nordiques : 3.
16:05 of 3rd period - Patrik Berglund wins face-off versus Jason Spezza in neutral zone.
16:14 of 3rd period - Snap shot by Jaromir Jagr.
16:14 of 3rd period - Shot Blocked by Ron Hainsey.
17:26 of 3rd period - Backhand shot by Adam Cracknell.
17:26 of 3rd period - Shot Misses the Net.
17:37 of 3rd period - Minor Penalty to Evander Kane for Hooking.
17:38 of 3rd period - Jason Spezza wins face-off versus Patrik Berglund in Nordiques zone.
17:40 of 3rd period - Snap shot by Brayden Schenn.
17:40 of 3rd period - Shot Misses the Net.
18:27 of 3rd period - Icing by Matt Niskanen.
18:28 of 3rd period - Luke Glendening wins face-off versus Mike Ribeiro in Rangers zone.
19:01 of 3rd period - Rangers, Henrik Lundqvist is pulled from the net.
19:03 of 3rd period - Slapshot by Justin Williams.
19:03 of 3rd period - Goal by Justin Williams - Rangers : 3 - Nordiques : 3.
19:03 of 3rd period - Henrik Lundqvist from Rangers was sent back in the game.
19:04 of 3rd period - Patrik Berglund wins face-off versus Torrey Mitchell in neutral zone.
19:30 of 3rd period - Shawn Matthias is hit by Morgan Rielly and loses puck.
19:39 of 3rd period - Backhand shot by Ryan O'Reilly.
19:39 of 3rd period - Stopped by Henrik Lundqvist with a rebound.
19:41 of 3rd period - Snap shot by Sebastian Aho.
19:41 of 3rd period - Shot Misses the Net.
Goals for this period are 2 for Rangers vs 3 for Nordiques.
Shots for this period are 14 for Rangers vs 10 for Nordiques.

Overtime #1


0:01 of 1st overtime period - Jason Spezza wins face-off versus Ryan O'Reilly in neutral zone.
0:36 of 1st overtime period - Wrist shot by Jamie Benn.
0:36 of 1st overtime period - Stopped by Henrik Lundqvist without a rebound.
0:37 of 1st overtime period - Ryan O'Reilly wins face-off versus Justin Williams in Rangers zone.
0:40 of 1st overtime period - Wrist shot by Kyle Turris.
0:40 of 1st overtime period - Stopped by Henrik Lundqvist without a rebound.
0:41 of 1st overtime period - Ryan O'Reilly wins face-off versus Justin Williams in Rangers zone.
0:52 of 1st overtime period - Slapshot by Kyle Turris.
0:52 of 1st overtime period - Shot Misses the Net.
0:54 of 1st overtime period - Wrist shot by Kyle Turris.
0:54 of 1st overtime period - Shot Misses the Net.
0:56 of 1st overtime period - Slapshot by Jared Spurgeon.
0:56 of 1st overtime period - Stopped by Henrik Lundqvist without a rebound.
0:57 of 1st overtime period - Ryan O'Reilly wins face-off versus Jason Spezza in Rangers zone.
0:58 of 1st overtime period - Snap shot by Jamie Benn.
0:58 of 1st overtime period - Shot Misses the Net.
1:31 of 1st overtime period - Wrist shot by Kyle Turris.
1:31 of 1st overtime period - Stopped by Henrik Lundqvist with a rebound.
1:49 of 1st overtime period - Jason Spezza is hit by Ryan O'Reilly and loses puck.
2:01 of 1st overtime period - Off-side.
2:02 of 1st overtime period - Mike Ribeiro wins face-off versus Patrik Berglund in neutral zone.
2:29 of 1st overtime period - Jason Spezza is hit by Morgan Rielly and loses puck.
2:58 of 1st overtime period - Jared Spurgeon is hit by Ian Cole and loses puck.
3:11 of 1st overtime period - Backhand shot by Ryan O'Reilly.
3:11 of 1st overtime period - Shot Blocked by Zdeno Chara.
3:42 of 1st overtime period - Brian Flynn is hit by Jamie Benn.
3:51 of 1st overtime period - Off-side.
3:52 of 1st overtime period - Jason Spezza wins face-off versus Kyle Turris in neutral zone.
3:59 of 1st overtime period - Snap shot by Brian Flynn.
3:59 of 1st overtime period - Stopped by Roberto Luongo without a rebound.
4:00 of 1st overtime period - Jason Spezza wins face-off versus Ryan O'Reilly in Nordiques zone.
4:01 of 1st overtime period - Snap shot by Brian Flynn.
4:01 of 1st overtime period - Shot Misses the Net.
4:03 of 1st overtime period - Snap shot by Brian Flynn.
4:03 of 1st overtime period - Shot Misses the Net.
4:19 of 1st overtime period - Snap shot by Brian Flynn.
4:19 of 1st overtime period - Shot Blocked by Ryan O'Reilly.
4:21 of 1st overtime period - Wrist shot by Jason Spezza.
4:21 of 1st overtime period - Shot Blocked by Ryan O'Reilly.
4:41 of 1st overtime period - Slapshot by Jason Spezza.
4:41 of 1st overtime period - Stopped by Roberto Luongo without a rebound.
4:42 of 1st overtime period - Kyle Turris wins face-off versus Justin Williams in Nordiques zone.
4:54 of 1st overtime period - Snap shot by Kyle Turris.
4:54 of 1st overtime period - Shot Misses the Net.
4:58 of 1st overtime period - Snap shot by Kyle Turris.
4:58 of 1st overtime period - Shot Misses the Net.
Goals for this period are 0 for Rangers vs 0 for Nordiques.
Shots for this period are 2 for Rangers vs 4 for Nordiques.

ShootOut


5:00 of 1st overtime period - Penalty Shot by Artemi Panarin for Rangers.
5:00 of 1st overtime period - Snap shot by Artemi Panarin.
5:00 of 1st overtime period - Stopped by Roberto Luongo.
5:00 of 1st overtime period - Penalty Shot by Patrik Berglund for Nordiques.
5:00 of 1st overtime period - Deke by Patrik Berglund.
5:00 of 1st overtime period - Stopped by Henrik Lundqvist.
5:00 of 1st overtime period - Penalty Shot by Brian Flynn for Rangers.
5:00 of 1st overtime period - Deke by Brian Flynn.
5:00 of 1st overtime period - Shot Misses the Net.
5:00 of 1st overtime period - Penalty Shot by Kyle Turris for Nordiques.
5:00 of 1st overtime period - Snap shot by Kyle Turris.
5:00 of 1st overtime period - Shot Hit the Post.
5:00 of 1st overtime period - Penalty Shot by Jason Spezza for Rangers.
5:00 of 1st overtime period - Wrist shot by Jason Spezza.
5:00 of 1st overtime period - Shot Misses the Net.
5:00 of 1st overtime period - Penalty Shot by Sebastian Aho for Nordiques.
5:00 of 1st overtime period - Snap shot by Sebastian Aho.
5:00 of 1st overtime period - Stopped by Henrik Lundqvist.
5:00 of 1st overtime period - Penalty Shot by Brayden Schenn for Rangers.
5:00 of 1st overtime period - Snap shot by Brayden Schenn.
5:00 of 1st overtime period - Shot Misses the Net.
5:00 of 1st overtime period - Penalty Shot by Jamie Benn for Nordiques.
5:00 of 1st overtime period - Deke by Jamie Benn.
5:00 of 1st overtime period - Stopped by Henrik Lundqvist.
5:00 of 1st overtime period - Penalty Shot by Justin Williams for Rangers.
5:00 of 1st overtime period - Deke by Justin Williams.
5:00 of 1st overtime period - Stopped by Roberto Luongo.
5:00 of 1st overtime period - Penalty Shot by Ryan O'Reilly for Nordiques.
5:00 of 1st overtime period - Deke by Ryan O'Reilly.
5:00 of 1st overtime period - Shot Misses the Net.
5:00 of 1st overtime period - Penalty Shot by Alexandre Burrows for Rangers.
5:00 of 1st overtime period - Deke by Alexandre Burrows.
5:00 of 1st overtime period - Stopped by Roberto Luongo.
5:00 of 1st overtime period - Penalty Shot by John-Michael Liles for Nordiques.
5:00 of 1st overtime period - Backhand shot by John-Michael Liles.
5:00 of 1st overtime period - Goal by John-Michael Liles.